 Dungeon Crawl Stone Soup version 0.26.1-11-gd32895ea62 (webtiles) character file.

Game seed: 4115183041911042664

3195 dtburroughs the Cleaver (level 9, -2/81 HPs)
             Began as a Minotaur Berserker on July 8, 2021.
             Was an Elder of Trog.
             Slain by a komodo dragon (12 damage)
             ... on level 7 of the Dungeon.
             The game lasted 00:16:06 (8590 turns).

dtburroughs the Cleaver (Minotaur Berserker)        Turns: 8590, Time: 00:16:07

Health: -2/81      AC: 12    Str: 22    XL:     9   Next: 64%
Magic:  8/8        EV: 14    Int:  7    God:    Trog [****..]
Gold:   344        SH:  5    Dex: 10    Spells: 8/8 levels left

rFire    . . .     SeeInvis .   I - +4 hand axe (curse)
rCold    . . .     Faith    .   u - +0 buckler
rNeg     . . .     Spirit   .   j - +0 ring mail
rPois    .         Reflect  .   b - +1 hat
rElec    .         Harm     .   D - scarf {+Inv}
rCorr    +         Rampage  .   v - +0 pair of gloves
Will     .....                  d - +2 pair of boots
Stlth    +.........             (no amulet)
HPRegen  0.23/turn              x - ring of resist corrosion
MPRegen  0.11/turn              A - ring of stealth

@: no status effects
A: retaliatory headbutt, horns 2
a: Renounce Religion, Evoke Invisibility, Berserk, Trog's Hand, Brothers in Arms


You were on level 7 of the Dungeon.
You worshipped Trog.
Trog was greatly pleased with you.
You visited 1 branch of the dungeon, and saw 7 of its levels.
You also visited: Sewer.

You collected 344 gold pieces.

Inventory:

Hand Weapons
 a - a +1 hand axe
 n - a +2 vorpal mace
 I - a cursed +4 hand axe (weapon)
Armour
 b - a +1 hat (worn)
 d - a +2 pair of boots (worn)
 j - a +0 ring mail (worn)
 u - a +0 buckler (worn)
 v - a +0 pair of gloves (worn)
 D - a scarf of invisibility (worn)
Jewellery
 x - a ring of resist corrosion (left hand)
 A - a ring of stealth (right hand)
Wands
 C - a wand of paralysis (7)
 G - a wand of digging (7)
 H - a wand of random effects (6)
Scrolls
 c - a scroll of magic mapping
 e - 2 scrolls of remove curse
 g - a scroll of fear
 h - 4 scrolls of teleportation
 m - a scroll of amnesia {unknown}
 o - 3 scrolls of enchant weapon
 q - 4 scrolls of enchant armour
 r - a scroll of identify
 s - a scroll of fog {unknown}
 y - a scroll of blinking {unknown}
Potions
 f - 3 potions of mutation
 i - a potion of lignification {unknown}
 k - 2 potions of curing {unknown}
 l - 2 potions of haste {unknown}
 p - a potion of magic {unknown}
 t - a potion of might {unknown}
 w - a potion of flight {unknown}
 z - a potion of brilliance {unknown}
 B - a potion of degeneration {unknown}
 E - a potion of berserk rage {unknown}
 F - 2 potions of heal wounds {unknown}


   Skills:
 + Level 8.0 Fighting
 + Level 8.1 Axes
 + Level 7.5 Armour
 + Level 6.8 Dodging
 + Level 5.5 Shields
 + Level 3.8 Evocations


You had 8 spell levels left.
You didn't know any spells.
Your spell library was empty.

Dungeon Overview and Level Annotations

Branches:
Dungeon (7/15)             Temple (0/1) D:4           Sewer (visited)

Altars:
Ashenzari
Dithmenos
Elyvilon
Fedhas
Kikubaaqudgha
Ru
Uskayaw

Shops:
D:5 (?[?


Innate Abilities, Weirdness & Mutations

You reflexively headbutt those who attack you in melee.
You have a pair of horns on your head.


Message History

The frilled lizard hisses.
The komodo dragon bites you but does no damage.
You hit the komodo dragon but do no damage.
The komodo dragon bites you!!
You hit the komodo dragon.
The komodo dragon is lightly wounded.
The komodo dragon bites you.
You slash the komodo dragon! Your headbutt misses the komodo dragon.
The komodo dragon is moderately wounded.
The komodo dragon barely misses you.
You hit the komodo dragon.
The komodo dragon is moderately wounded.
The komodo dragon bites you!!
* * * LOW HITPOINT WARNING * * *
You barely miss the komodo dragon.
The komodo dragon is moderately wounded.
The komodo dragon bites you!
* * * LOW HITPOINT WARNING * * *
You fail to use your ability.
The komodo dragon bites you!
You die...

#####
#...##
#@#..#
#l##.#
ll##.#
lll##.#
.l.l##.#
....###.#
#P..P###.#
######...#
###.#


You could see a komodo dragon, an iguana, 3 leopard geckos and 3 frilled
lizards.

Vanquished Creatures
  Prince Ribbit (D:5)
  Sigmund (D:3)
  Eustachio (D:5)
  A water moccasin (Sewer)
  An orc warrior (D:6)
  A hornet zombie (D:5)
  2 ice beasts
  6 ogres
  4 centaurs
  Blork the orc (D:5)
  2 bullfrogs (D:7)
  A wyvern skeleton (D:6)
  3 scorpions
  3 wights (D:6)
  6 hounds
  A jelly (D:5)
  A centaur skeleton (D:5)
  3 orc wizards (D:7)
  4 orc priests
  Crazy Yiuf (D:5)
  An iguana (D:7)
  4 worker ants
  A hound zombie (D:6)
  A worker ant zombie (D:6)
  7 adders
  4 gnolls
  A river rat (D:3)
  A white imp (D:5)
  An ufetubus (D:6)
  An adder skeleton (D:4)
  2 worms
  4 dart slugs
  5 leopard geckos
  13 orcs
  7 giant cockroaches
  7 goblins
  2 hobgoblins
  21 jackals
  A quokka (D:3)
  2 ball pythons
  A ball python skeleton (D:5)
  11 bats
  10 frilled lizards
  16 kobolds
  3 leopard gecko skeletons
  A leopard gecko zombie (D:6)
  A quokka skeleton (D:7)
  6 rats
179 creatures vanquished.

Vanquished Creatures (others)
  4 plants (D:7)
4 creatures vanquished.

Grand Total: 183 creatures vanquished

Notes
Turn   | Place    | Note
-------+----------+-------------------------------------------
     0 | D:1      | dtburroughs the Minotaur Berserker began the quest for the
                  | Orb.
     0 | D:1      | Reached XP level 1. HP: 19/19 MP: 0/0
   115 | D:1      | Reached XP level 2. HP: 24/27 MP: 1/1
   165 | D:1      | You fall into a shaft and drop 1 floor!
   570 | D:1      | Reached XP level 3. HP: 32/33 MP: 2/2
   990 | D:1      | Reached ** piety under Trog
  2134 | D:2      | Found a hide-covered altar of Uskayaw.
  2135 | D:2      | Found a sacrificial altar of Ru.
  2136 | D:2      | Found a white marble altar of Elyvilon.
  2213 | D:2      | Reached XP level 4. HP: 33/41 MP: 3/3
  2357 | D:2      | Found a broken altar of Ashenzari.
  2695 | D:3      | Found a glowing drain.
  2695 | D:3      | Noticed Sigmund
  2723 | D:3      | Killed Sigmund
  2724 | D:3      | Reached skill level 5 in Fighting
  2724 | D:3      | Reached skill level 5 in Axes
  2724 | D:3      | Reached XP level 5. HP: 32/48 MP: 4/4
  2724 | D:3      | Reached XP level 6. HP: 37/56 MP: 5/5
  2734 | Sewer    | Entered a sewer
  2907 | Sewer    | Noticed a water moccasin
  2919 | Sewer    | Killed a water moccasin
  3271 | D:3      | Found a shadowy altar of Dithmenos.
  3686 | D:3      | Found a blossoming altar of Fedhas.
  4320 | D:4      | Reached skill level 1 in Shields
  4334 | D:4      | Reached XP level 7. HP: 49/62 MP: 6/6
  4539 | D:4      | Reached skill level 5 in Armour
  4773 | D:4      | Found a staircase to the Ecumenical Temple.
  5216 | D:5      | Entered Level 5 of the Dungeon
  5218 | D:5      | Noticed Prince Ribbit
  5405 | D:5      | Killed Prince Ribbit
  5405 | D:5      | Reached *** piety under Trog
  5406 | D:5      | Reached skill level 5 in Dodging
  5406 | D:5      | Reached skill level 1 in Evocations
  5625 | D:5      | Found Idoag's Magic Scroll Boutique.
  5632 | D:5      | Reached XP level 8. HP: 54/71 MP: 7/7
  5647 | D:5      | Found Fontok's Weapon Boutique.
  6016 | D:5      | Found a runed translucent door.
  6017 | D:5      | Noticed Crazy Yiuf
  6065 | D:5      | Killed Crazy Yiuf
  6145 | D:5      | Noticed Blork the orc
  6157 | D:5      | Killed Blork the orc
  6272 | D:5      | Noticed Eustachio
  6329 | D:5      | Killed Eustachio
  6453 | D:5      | Found Nuyfal's Magic Scroll Boutique.
  6576 | D:5      | Found Aninikor's Armour Shop.
  6736 | D:6      | Reached XP level 9. HP: 32/79 MP: 8/8
  7549 | D:6      | Reached skill level 5 in Shields
  8355 | D:7      | Found an ancient bone altar of Kikubaaqudgha.
  8475 | D:7      | Reached **** piety under Trog
  8577 | D:7      | Noticed a komodo dragon
  8590 | D:7      | Slain by a komodo dragon

Illustrated notes

Levels and vault maps discovered:
D:1:      minmay_arrival_five_plusses, layout_basic, minivault_19,
          kennysheep_small_spiral
D:2:      layout_basic, lemuel_coloured_pillars_altar,
          chequers_temple_overflow_statue_of_worship, st_stairs_3,
          chequers_serial_rivers_micro_c, chequers_arboretum
D:3:      layout_loops_ring, marbit_many_paths, cheibrodos_sewer_entry_sluice,
          nicolae_dithmenos_shadow_blocks, uniq_sigmund
D:4:      layout_loops_corners, minmay_temple_entry_proselytizer,
          roderic_cross_of_infinity
D:5:      layout_basic, serial_shops, shop, shop, nicolae_shop_behind_doors,
          kennysheep_mini_moat, uniq_eustachio, uniq_crazy_yiuf_cottage,
          uniq_blork_the_orc, uniq_prince_ribbit1
D:6:      layout_basic, kennysheep_generic_room_10
D:7:      layout_loops_ring, basic_altar, minmay_lizard_king

Skill      XL: |  1  2  3  4  5  6  7  8  9 |
---------------+----------------------------+-----
Fighting       | 4 5 6 7 8 |  8.0
Axes           | 4 5 6 7 8 |  8.1
Armour         | 3 4 5 6 7 |  7.5
Dodging        | 3 4 5 6 |  6.8
Shields        | 1 3 4 5 |  5.5
Evocations     | 1 2 3 |  3.8

Action                   |  1- 3 |  4- 6 |  7- 9 || total
-------------------------+-------+-------+-------++-------
Melee: Hand axe          |    87 |   108 |   322 ||   517
       Headbutt          |    14 |    19 |    64 ||    97
Invok: Trog's Hand       |     1 |     2 |     5 ||     8
       Berserk           |       |       |     2 ||     2
Evoke: Wand              |       |       |     2 ||     2
  Use: Scroll            |       |       |     8 ||     8
 Stab: Paralysed         |       |       |     7 ||     7
Armor: Animal skin       |    31 |     7 |       ||    38
       Ring mail         |       |    25 |   113 ||   138
Dodge: Dodged            |    74 |    79 |   198 ||   351
Block: Buckler           |       |     2 |    78 ||    80
